 Dungeon Crawl Stone Soup version 0.30-a0-743-gbfdf073431 (webtiles) character file.

Game seed: 7962556448002701078

176040 2FriedEggs the Devastator (level 16, 135/135 HPs)
             Began as a Demigod Air Elementalist on Jan 8, 2023.
             Quit the game on level 3 of the Shoals on Feb 8, 2023.
             The game lasted 02:35:55 (53546 turns).

2FriedEggs the Devastator (DgAE)                   Turns: 53546, Time: 02:35:56

Health: 135/135    AC: 15    Str: 17    XL:     16   Next: 94%
Magic:  33/36      EV: 18    Int: 40    God:
Gold:   1663       SH:  6    Dex:  9    Spells: 2/37 levels left

rFire   . . .      SeeInvis +    C - +9 dagger of Muppedill {heavy, Will+ Str+3}
rCold   . . .      Faith    .    q - +1 buckler {rPois}
rNeg    + . .      Spirit   .    w - +5 leather armour "Gese" {SInv}
rPois   +          Reflect  .    H - +1 helmet
rElec   .          Harm     .    N - +2 cloak {rCorr}
rCorr   +          Rampage  .    T - +0 pair of gloves of a Billion Ships {Int+3 Dex-5 Slay+5}
Will    ++++.                    P - +0 pair of boots "Tygg" {Regen+ Str+5}
Stlth   +                        f - amulet of regeneration
HPRegen 2.02/turn                R - +5 ring of evasion
MPRegen 0.25/turn                W - ring "Ritho" {rN+ Will+ Slay+3}

@: very slow
A: high MP 1, forlorn, divine attributes, talons 1, strong-willed 1, noise
suppression
a: no special abilities


You were on level 3 of the Shoals.
You visited 5 branches of the dungeon, and saw 26 of its levels.
You also visited: Ice Cave.

You collected 3738 gold pieces.
You spent 2075 gold pieces at shops.

Inventory:

Hand Weapons
 C - the +9 dagger of Muppedill (weapon) {heavy, Will+ Str+3}
   (You bought it in a shop on level 2 of the Orcish Mines)

   Str:       It affects your strength (+3).
   Will:      It increases your willpower.
Missiles
 k - 6 javelins
 X - 2 throwing nets
 Z - 9 curare-tipped darts
Armour
 m - the +3 pair of gloves "Kutu" {Harm Str-4 Int+7 Dex-5}
   (You found it on level 2 of the Lair of Beasts)

   Str:       It affects your strength (-4).
   Int:       It affects your intelligence (+7).
   Dex:       It affects your dexterity (-5).
   Harm:      It increases damage dealt and taken.
 q - a +1 buckler of poison resistance (worn)
 w - the +5 leather armour "Gese" (worn) {SInv}
   (You found it on level 5 of the Dungeon)

   SInv:      It lets you see invisible.
 H - a +1 helmet (worn)
 N - a +2 cloak of preservation (worn)
 P - the +0 pair of boots "Tygg" (worn) {Regen+ Str+5}
   (You bought it in a shop on level 3 of the Dungeon)

   Str:       It affects your strength (+5).
   Regen:     It increases your rate of health regeneration.
 T - the +0 pair of gloves of a Billion Ships (worn) {Int+3 Dex-5 Slay+5}
   (You found it on level 3 of the Lair of Beasts)

   Int:       It affects your intelligence (+3).
   Dex:       It affects your dexterity (-5).
   Slay:      It affects your accuracy & damage with ranged weapons and melee
   (+5).
Jewellery
 a - a ring of wizardry
 f - an amulet of regeneration (around neck)
 l - a ring of poison resistance
 n - a +5 ring of evasion
 t - a +4 ring of protection
 D - a ring of flight
 R - a +5 ring of evasion (left hand)
 U - a ring of protection from fire
 W - the ring "Ritho" (right hand) {rN+ Will+ Slay+3}
   (You bought it in a shop on level 2 of the Orcish Mines)

   [ring of willpower]

   Slay:      It affects your accuracy & damage with ranged weapons and melee
   (+3).
   rN:        It protects you from negative energy.
   Will:      It increases your willpower.
 Y - a ring of see invisible
Wands
 j - a wand of flame (17)
 r - a wand of roots (28)
 E - a wand of polymorph (11)
 J - a wand of charming (30)
 Q - a wand of mindburst (6)
Scrolls
 c - 8 scrolls of vulnerability
 e - 5 scrolls of amnesia
 i - 2 scrolls of silence
 o - 8 scrolls of teleportation
 s - 3 scrolls of fog
 x - 2 scrolls of enchant armour
 y - 8 scrolls of immolation
 F - 4 scrolls of brand weapon
 M - 2 scrolls of identify
 S - a scroll of magic mapping
 V - 2 scrolls of blinking
Potions
 b - 3 potions of magic
 d - 2 potions of ambrosia
 g - 14 potions of curing
 h - 7 potions of haste
 p - 15 potions of heal wounds
 u - 3 potions of lignification
 v - 5 potions of mutation
 z - 5 potions of attraction
 A - 2 potions of berserk rage
 B - a potion of resistance
 G - 5 potions of flight
 K - a potion of cancellation
 L - 3 potions of brilliance
 O - 2 potions of might


   Skills:
 - Level 10.3 Fighting
 - Level 0.3 Armour
 - Level 9.2 Dodging
 - Level 1.8 Stealth
 - Level 6.0 Shields
 - Level 11.0 Spellcasting
 - Level 17.0 Conjurations
 + Level 8.4 Summonings
 - Level 5.5 Translocations
 - Level 13.2 Air Magic


You had 2 spell levels left.
You knew the following spells:

 Your Spells              Type           Power      Damage    Failure   Level
a - Spellforged Servitor  Conj/Summ      44%        N/A       12%         7
b - Static Discharge      Conj/Air       100%       2-7/arc   0%          2
c - Airstrike             Air            45%        2d(7-23)  1%          4
d - Iskenderun's Mystic   Conj/Tloc      85%        2d17      1%          4
e - Swiftness             Air            91%        N/A       1%          3
f - Kindle Blastsparks    Fire/Tloc/Air  100%       2d18      1%          3
g - Passage of Golubria   Tloc           61%        N/A       2%          4
h - Orb of Destruction    Conj           51%        9d13      1%          7
i - Shock                 Conj/Air       100%       1d9       0%          1

Your spell library contained the following spells:

 Spells                   Type           Power      Damage    Failure   Level
 Magic Dart               Conj           100%       1d8       0%          1
 Searing Ray              Conj           100%       2d8       0%          2
 Foxfire                  Conj/Fire      100%       2x1d9     1%          1
 Summon Small Mammal      Summ           100%       N/A       1%          1
 Sandblast                Erth           44%        2d11      2%          1
 Slow                     Hex            88%        N/A       2%          1
 Passwall                 Tmut/Erth      18%        N/A       3%          2
 Sublimation of Blood     Necr           22%        N/A       3%          2
 Wereblood                Tmut           22%        N/A       3%          2
 Call Canine Familiar     Summ           73%        N/A       1%          3
 Gell's Gravitas          Tloc           61%        N/A       1%          3
 Hailstorm                Conj/Ice       74%        3d15      1%          3
 Stone Arrow              Conj/Erth      100%       3d13      1%          3
 Summon Guardian Golem    Hex/Summ       53%        N/A       1%          3
 Teleport Other           Tloc           61%        N/A       1%          3
 Fulminant Prism          Conj/Hex       37%        3d17      1%          4
 Fireball                 Conj/Fire      37%        3d15      1%          5
 Portal Projectile        Hex/Tloc       88%        N/A       2%          3
 Manifold Assault         Tloc           61%        N/A       2%          4
 Summon Ice Beast         Ice/Summ       53%        N/A       4%          4
 Silence                  Hex/Air        33%        N/A       4%          5
 Summon Forest            Summ/Tloc      33%        N/A       4%          5
 Confusing Touch          Hex            22%        N/A       8%          3
 Frozen Ramparts          Ice            44%        1d7       8%          3
 Spider Form              Tmut/Pois      22%        N/A       8%          3
 Tukima's Dance           Hex            22%        N/A       8%          3
 Vampiric Draining        Necr           22%        2d7       8%          3
 Summon Mana Viper        Hex/Summ       53%        N/A       12%         5
 Starburst                Conj/Fire      37%        6d11      12%         6
 Summon Cactus Giant      Summ           36%        N/A       12%         6
 Cause Fear               Hex            11%        N/A       24%         4
 Ice Form                 Ice/Tmut       22%        N/A       24%         4
 Leda's Liquefaction      Hex/Erth       11%        N/A       24%         4
 Dispersal                Tloc           30%        N/A       36%         6
 Blade Hands              Tmut           11%        N/A       56%         5
 Lee's Rapid Deconstruct  Erth           11%        3d8*      56%         5
 Monstrous Menagerie      Summ           36%        N/A       56%         7
 Summon Hydra             Summ           36%        N/A       56%         7
 Simulacrum               Ice/Necr       11%        N/A       98%         6
 Statue Form              Tmut/Erth      14%        N/A       98%         6
 Lehudib's Crystal Spear  Conj/Erth      37%        10d9      99%         8
 Dragon Form              Tmut           11%        N/A       100%        7
 Enfeeble                 Hex            11%        N/A       100%        7
 Borgnjor's Revivificati  Necr           11%        N/A       100%        8
 Disjunction              Tloc           30%        N/A       100%        8
 Necromutation            Tmut/Necr      11%        N/A       100%        8
 Death's Door             Necr           11%        N/A       100%        9
 Dragon's Call            Summ           36%        N/A       100%        9


Dungeon Overview and Level Annotations

Branches:
Dungeon (15/15)            Temple (0/1) D:4            Lair (5/5) D:8
 Shoals (3/4) Lair:3       Spider (1/4) Lair:2        Slime (0/5) Lair:4
    Orc (2/2) D:12            Elf (0/3) Orc:2        Vaults (0/5) D:13
 Depths (0/4) D:15          IceCv (visited)

Shops:
D:3 =[   D:5 *   D:6 *   D:9 [   Orc:2 ([*=

Annotations:
D:14 exclusion: statue
Shoals:2 2 transporters, exclusion: orange crystal statue
Shoals:3 Mara


Innate Abilities, Weirdness & Mutations

You have an increased reservoir of magic. (+10% MP)
You shall have no god before yourself.
Your divine heritage dramatically boosts your attributes as you level up.
You have sharp toenails.
You are strong-willed. (Will+)
You passively dampen the noise of your surroundings.


Message History

The plant is lightly damaged.
A nearby plant withers and dies.
A nearby plant withers and dies.
A manticore comes into view.
Your spellforged servitor disappears in a puff of smoke!
The manticore flicks its tail.
The volley of spikes misses you.
You enter the shallow water.
Moving in this stuff is going to be slow.
Casting: Spellforged Servitor (dangerous; 12% risk of failure)
Confirm with . or Enter, or press ? or * to list all spells.
You summon a servant imbued with your destructive magic!
The manticore misses you. The manticore barely misses you.
The manticore misses you.
Your spellforged servitor conjures a glowing orb.
The wavering orb of destruction weakly hits the manticore!!
The manticore attacks as you move away! You block the manticore's attack.
The manticore barely misses you. The manticore claws you.
The manticore completely misses you. You block the manticore's attack.
The manticore barely misses you. The manticore attacks as you move away!
You block the manticore's attack. The manticore misses you.
The manticore claws you but does no damage.
Your spellforged servitor conjures an orb of pure magic.
The manticore flicks its tail.
The volley of spikes misses you.
The wavering orb of destruction hits the manticore!!
Your spellforged servitor launches a ball of destructive magic.
The wavering orb of destruction weakly hits the manticore!!
The manticore is blown up!
You swap places.
You enter the shallow water.
Moving in this stuff is going to be slow.
Level annotation: Mara Welcome back, 2FriedEggs the Demigod Air Elementalist.
Press ? for a list of commands and other information.
Level annotation: Mara Welcome back, 2FriedEggs the Demigod Air Elementalist.
Press ? for a list of commands and other information.
Are you sure you want to abandon this character and quit the game? (Confirm with "yes".)

~~~~~~~~~~~~~~~~~~~~~~~~~~~.,,
~~~~~~≈≈≈~~~,,..~~~~~~~~~P~~,,
~~~~~≈≈≈≈~~.,*#.~~~~~~.P~~~~~~
~~~~~≈≈≈≈~~.**#..~~~~....~~~~~
~~~~~≈≈≈≈~~.##*..~~~~..P,~~~~~
~~~~~≈≈≈≈~~..#####~~~..#,~~~P~
~~~~~≈≈≈≈~~~~...##~~~.P##~~~~~
~~~~~≈≈≈≈~~~~~..#.~P~~<.t.~~~~
~~~~~≈≈≈≈≈~~~@.....~~~H....~~~
~~~~~≈≈≈≈≈≈~~9P....~!.~..~~~~~
~~~~~≈≈≈≈≈≈~~~.###...~~~~~~~~~
~~~~~≈≈≈≈≈≈~~..###PP~~~~~~~~~~
~~~~≈≈≈≈≈≈≈~~...##..~~~~~~≈≈~~
~~~~≈≈≈≈≈≈≈~~P...#P.~~~~~~≈≈≈~
~~~~≈≈≈≈≈≈≈~~~..#..~~~≈≈≈≈≈≈≈≈
~~~~≈≈≈≈≈≈≈≈~~~.#.P~~≈≈≈≈≈≈≈≈~
~~~~≈≈≈≈≈≈≈~~~~...~~~≈≈≈~~~≈≈~


You could see a friendly spellforged servitor (summoned).

Vanquished Creatures
  Jorgrun (D:14)
  Polyphemus (Shoals:2)
  Kirke (Shoals:2)
  A kraken (Shoals:1)
  Roxanne (D:14)
  A stone giant (D:15)
  3 orc warlords
  A dire elephant (Lair:5)
  A deep elf annihilator (Shoals:1)
  The ghost of Usinnox the Geomancer, a journeyman OpCj of Vehumet (Lair:4)
  A statue (D:14)
  2 merfolk impalers
  A fire dragon (Lair:5)
  A merfolk avatar (Shoals:3)
  3 ogre magi
  4 vault guards (D:13)
  12 hydras
  10 two-headed ogres
  10 centaur warriors
  9 boulder beetles
  4 tengu warriors
  A satyr (shapeshifter) (D:12)
  11 death yaks
  4 orc high priests (Orc:2)
  7 skeletal warriors
  5 sea snakes (Shoals:1)
  6 wizards
  6 harpies
  A phantasmal warrior (Lair:1)
  5 orc knights
  3 lindwurms (Lair:5)
  Pikel (D:7)
  7 deep elf pyromancers
  A wolf spider (D:13)
  2 deep elf zephyrmancers
  10 ugly things
  5 orc sorcerers
  6 cyclopes
  A nameless horror (Shoals:1)
  14 elephants
  4 manticores
  5 black mambas
  Maurice (D:8)
  4 merfolk sirens
  13 cane toads
  7 torpor snails (Lair:5)
  An ice statue (Shoals:3)
  4 unseen horrors
  6 komodo dragons
  4 rime drakes
  An efreet (D:13)
  A kobold demonologist (D:13)
  2 freezing wraiths
  6 tengu conjurers (D:14)
  3 burning bushes (Lair:2)
  8 trolls
  6 meliai
  2 merfolk (Shoals:1)
  A troll (shapeshifter) (D:13)
  A queen bee (shapeshifter) (D:13)
  A tarantella (shapeshifter) (D:13)
  3 tyrant leeches (Lair:5)
  7 hornets (Lair:5)
  3 polar bears
  Grinder (D:4)
  A wind drake (Shoals:1)
  14 dream sheep (Lair:5)
  25 blink frogs
  18 slime creatures
  5 centaur simulacra (D:13)
  5 snapping turtles (Shoals:1)
  A shadow (D:13)
  A vampire (D:13)
  3 wraiths
  A water elemental (Shoals:1)
  A culicivora (Lair:2)
  3 wyverns
  74 yaks
  8 basilisks
  A human (Lair:1)
  13 vampire mosquitoes
  Menkaure (D:4)
  2 acid dragons
  11 wargs
  Duvessa (D:7)
  14 water moccasins
  5 ice beasts
  A black bear (D:4)
  34 orc warriors
  3 ogres
  A boggart (D:13)
  12 wolves
  4 lemures (D:7)
  8 centaurs
  5 kobold brigands
  A gnoll sergeant (D:4)
  3 bullfrogs
  3 necrophages
  A scorpion (D:5)
  5 wights (D:7)
  Dowan (D:7)
  14 killer bees
  An electric eel (Lair:3)
  5 howler monkeys
  A hound (D:4)
  14 jellies
  A gnoll bouda (D:5)
  16 orc priests
  4 iguanas
  17 orc wizards
  7 hell rats (Lair:5)
  Robin (D:3)
  11 gnolls
  4 adders
  A shadow imp (D:5)
  4 white imps
  An ufetubus (D:13)
  A worm (D:2)
  2 dart slugs
  58 orcs
  7 endoplasms
  A giant cockroach (D:3)
  12 goblins
  8 hobgoblins
  2 jackals (D:4)
  15 kobolds
  3 ball pythons (D:1)
  5 bats
  4 frilled lizards
  A rat (D:1)
  A bush (D:1)
772 creatures vanquished.

Vanquished Creatures (collateral kills)
  Ilsuiw (Shoals:2)
  A deep elf annihilator (Shoals:1)
  A merfolk javelineer (Shoals:2)
  2 merfolk impalers
  A catoblepas (Shoals:2)
  A deep elf knight (Shoals:1)
  5 sea snakes
  14 harpies
  3 deep elf zephyrmancers (Shoals:1)
  2 deep elf archers (Shoals:1)
  6 manticores
  2 ugly things (IceCv)
  4 merfolk sirens
  2 water nymphs (Shoals:2)
  2 apocalypse crabs (Shoals:3)
  2 rime drakes (IceCv)
  15 merfolk
  A polar bear (IceCv)
  A wind drake (Shoals:1)
  5 snapping turtles
  2 water elementals
  4 hogs (Shoals:2)
77 creatures vanquished.

Vanquished Creatures (others)
  2 harpies (Shoals:2)
  A deep elf pyromancer (Shoals:1)
  A rime drake (IceCv)
  A merfolk (Shoals:1)
  A water moccasin (Lair:2)
  2 bushes
  46 fungi
  134 plants
  20 tentacles (Shoals:1)
208 creatures vanquished.

Grand Total: 1057 creatures vanquished

Notes
Turn   | Place    | Note
-------+----------+-------------------------------------------
     0 | D:1      | 2FriedEggs the Demigod Air Elementalist began the quest for
                  | the Orb.
     0 | D:1      | Reached XP level 1. HP: 14/14 MP: 5/5
   419 | D:1      | Reached XP level 2. HP: 20/20 MP: 5/7
   802 | D:1      | Learned a level 2 spell: Static Discharge
  1818 | D:2      | Identified the +4 scale mail "Quplikox" {Fly rN+ Regen+
                  | SInv}
  1862 | D:2      | Reached XP level 3. HP: 19/26 MP: 1/10
  2760 | D:3      | You fall into a shaft and drop 3 floors!
  2775 | D:5      | Entered Level 5 of the Dungeon
  2834 | D:5      | Reached XP level 4. HP: 26/33 MP: 6/12
  2835 | D:5      | Identified the +5 leather armour "Gese" {SInv}
  3008 | D:3      | Found Dutaud's Jewellery Shop.
  3407 | D:3      | Found Lopobudgh's Armour Shoppe.
  3590 | D:3      | Noticed Robin
  3596 | D:3      | Killed Robin
  3898 | D:4      | Noticed Grinder
  3902 | D:4      | Paralysed by Grinder for 4 turns
  3910 | D:4      | Paralysed by Grinder for 5 turns
  4064 | D:4      | Paralysed by Grinder for 4 turns
  4071 | D:4      | Killed Grinder
  4072 | D:4      | Reached skill level 5 in Spellcasting
  4072 | D:4      | Reached XP level 5. HP: 17/38 MP: 4/15
  4072 | D:4      | Reached XP level 6. HP: 20/45 MP: 4/16
  4294 | D:4      | Learned a level 4 spell: Airstrike
  4524 | D:4      | Reached skill level 5 in Air Magic
  4597 | D:4      | Found a staircase to the Ecumenical Temple.
  4814 | D:4      | Reached XP level 7. HP: 50/50 MP: 12/17
  4852 | D:4      | Noticed Menkaure
  4861 | D:4      | Killed Menkaure
  5763 | D:5      | Found Immueph's Assorted Antiques.
  5776 | D:5      | Bought a scroll labelled YMIUMU MU QYAN for 30 gold pieces
  5776 | D:5      | Bought a fuming golden potion for 27 gold pieces
  5776 | D:5      | Bought a scroll labelled JEDEUPHOVE for 30 gold pieces
  5776 | D:5      | Bought a murky coppery potion for 27 gold pieces
  5776 | D:5      | Bought a scroll labelled QONAYN SASM for 30 gold pieces
  6969 | D:6      | Reached XP level 8. HP: 57/57 MP: 13/19
  7061 | D:6      | Found Zuosh's Elemental Accessories.
  7971 | D:6      | Reached skill level 10 in Air Magic
  8520 | D:7      | Noticed Pikel
  8701 | D:7      | Killed Pikel
  8702 | D:7      | Reached XP level 9. HP: 62/62 MP: 11/20
  9316 | D:7      | Noticed Duvessa
  9317 | D:7      | Noticed Dowan
  9329 | D:7      | Killed Duvessa
  9331 | D:7      | Killed Dowan
  9893 | D:8      | Noticed Maurice
  9899 | D:8      | Killed Maurice
  9983 | D:8      | Found a staircase to the Lair.
 10151 | D:3      | Bought the +0 pair of boots "Tygg" {Regen+ Str+5} for 220
                  | gold pieces
 11332 | D:9      | Reached XP level 10. HP: 69/69 MP: 5/21
 11731 | D:9      | Found Womoescho's Antique Armour Boutique.
 11805 | D:10     | Entered Level 10 of the Dungeon
 11974 | D:10     | Reached skill level 1 in Fighting
 12686 | D:10     | Noticed a two-headed ogre
 12692 | D:10     | Killed a two-headed ogre
 12693 | D:10     | Reached skill level 5 in Fighting
 12890 | D:10     | Gained mutation: You do not regenerate when monsters are
                  | visible. [potion of mutation]
 12890 | D:10     | Gained mutation: You have a considerably increased
                  | reservoir of magic. (+20% MP) [potion of mutation]
 12890 | D:10     | Gained mutation: Your mind is acute. (Int +4, Str/Dex -1)
                  | [potion of mutation]
 12891 | D:10     | Lost mutation: Your mind is acute. (Int +4, Str/Dex -1)
                  | [potion of mutation]
 12891 | D:10     | Lost mutation: You do not regenerate when monsters are
                  | visible. [potion of mutation]
 12891 | D:10     | Lost mutation: You have a considerably increased reservoir
                  | of magic. (+20% MP) [potion of mutation]
 12891 | D:10     | Gained mutation: You have a pair of small horns on your
                  | head. [potion of mutation]
 12891 | D:10     | Gained mutation: You are weak. (Str -2) [potion of
                  | mutation]
 12891 | D:10     | Gained mutation: You have sharp toenails. [potion of
                  | mutation]
 12892 | D:10     | Lost mutation: You have a pair of small horns on your head.
                  | [potion of mutation]
 12892 | D:10     | Lost mutation: You are weak. (Str -2) [potion of mutation]
 12892 | D:10     | Gained mutation: You are strong-willed. (Will+) [potion of
                  | mutation]
 12892 | D:10     | Gained mutation: You passively dampen the noise of your
                  | surroundings. [potion of mutation]
 13073 | D:11     | Identified the +2 robe of the Six Nights {+Inv Str+3}
 13505 | D:11     | Noticed a cyclops
 13513 | D:11     | Killed a cyclops
 13660 | D:11     | Noticed a two-headed ogre
 13666 | D:11     | Killed a two-headed ogre
 13741 | D:11     | Reached XP level 11. HP: 76/86 MP: 16/26
 14916 | D:12     | Noticed a deep elf pyromancer
 14967 | D:12     | Killed a deep elf pyromancer
 15626 | D:12     | Found a staircase to the Orcish Mines.
 16672 | Lair:1   | Entered Level 1 of the Lair of Beasts
 16679 | Lair:1   | Reached skill level 10 in Spellcasting
 17515 | Lair:1   | Noticed a death yak
 17518 | Lair:1   | Noticed a death yak
 17520 | Lair:1   | Learned a level 3 spell: Swiftness
 17556 | D:8      | Killed a death yak
 17879 | D:3      | Bought an amulet of regeneration for 390 gold pieces
 18004 | Lair:1   | Noticed a death yak
 18004 | Lair:1   | Noticed a death yak
 18008 | Lair:1   | Noticed a death yak
 18120 | D:9      | Learned a level 4 spell: Iskenderun's Mystic Blast
 18208 | D:8      | Killed a death yak
 18209 | D:8      | Reached skill level 1 in Conjurations
 18209 | D:8      | Reached skill level 1 in Translocations
 18353 | D:8      | Killed a death yak
 18354 | D:8      | Reached skill level 2 in Conjurations
 18354 | D:8      | Reached XP level 12. HP: 83/94 MP: 4/31
 18751 | Lair:1   | Reached skill level 3 in Conjurations
 18828 | Lair:1   | Learned a level 3 spell: Kindle Blastsparks
 18942 | Lair:1   | Learned a level 4 spell: Passage of Golubria
 19121 | Lair:1   | Reached skill level 4 in Conjurations
 19720 | Lair:1   | Reached skill level 5 in Conjurations
 19905 | Lair:1   | Noticed a four-headed hydra
 19948 | Lair:1   | Reached skill level 5 in Translocations
 20313 | Lair:1   | Killed a four-headed hydra
 20434 | Lair:1   | Found a runed translucent door.
 21059 | Lair:2   | Identified the +3 pair of gloves "Kutu" {Harm Str-4 Int+7
                  | Dex-5}
 21975 | Lair:2   | Found a hole to the Spider Nest.
 22582 | Lair:3   | Reached skill level 5 in Dodging
 22676 | Lair:3   | Reached XP level 13. HP: 103/105 MP: 12/32
 22767 | Lair:3   | Found a staircase to the Shoals.
 23701 | Lair:3   | Identified the +0 pair of gloves of a Billion Ships {Int+3
                  | Dex-5 Slay+5}
 24410 | Lair:4   | Found a staircase to the Slime Pits.
 24638 | Lair:4   | Found a runed translucent door.
 24638 | Lair:4   | Noticed Usinnox's ghost (journeyman OpCj)
 25762 | Lair:4   | Killed Usinnox's ghost
 25871 | Lair:5   | Entered Level 5 of the Lair of Beasts
 26331 | Lair:5   | Identified the ring "Gioquq" {Ice Str+4}
 27516 | Lair:5   | Reached skill level 10 in Fighting
 28039 | Lair:5   | Upgraded the game from 0.30-a0-613-gdd512c7efb to
                  | 0.30-a0-618-gd6c86c23d0
 28114 | Lair:5   | Reached XP level 14. HP: 116/122 MP: 21/33
 28181 | Lair:5   | Reached skill level 6 in Conjurations
 28823 | Lair:5   | HP: 6/122 [/static electricity (5)]
 29268 | Lair:5   | Reached skill level 7 in Conjurations
 29546 | Lair:5   | Identified the +5 hand axe "Aubergine" {pain, Int+3}
 30001 | Lair:5   | Found a runed translucent door.
 30142 | Lair:5   | Reached skill level 8 in Conjurations
 30171 | Lair:5   | Learned a level 7 spell: Orb of Destruction
 30992 | Lair:5   | Identified the +3 plate armour of the Meadowlark {rPois
                  | Int-5 SInv}
 31662 | D:13     | Reached skill level 9 in Conjurations
 33353 | D:13     | Reached skill level 10 in Conjurations
 34259 | D:13     | Found a gate to the Vaults.
 34947 | D:13     | Reached skill level 11 in Conjurations
 35750 | D:13     | Identified the +6 scale mail "Solotse" {rElec Int-2 Dex+2
                  | SInv}
 36205 | D:13     | Reached skill level 12 in Conjurations
 36939 | D:13     | Reached XP level 15. HP: 122/127 MP: 11/35
 37527 | D:13     | Reached skill level 13 in Conjurations
 38865 | D:13     | Got the Quarto of the Jinx and Impurities
 39541 | D:14     | Reached skill level 14 in Conjurations
 39851 | D:14     | Noticed Roxanne
 39856 | D:14     | Killed Roxanne
 40876 | D:14     | Noticed Jorgrun
 41473 | D:14     | Killed Jorgrun
 41649 | D:14     | Identified the +11 great mace "Arbiter" {elec, Will+ Dex+4}
 41699 | D:14     | Reached skill level 15 in Conjurations
 42329 | D:15     | Entered Level 15 of the Dungeon
 43950 | D:15     | Reached skill level 16 in Conjurations
 44192 | D:15     | Found a staircase to the Depths.
 44330 | D:15     | Upgraded the game from 0.30-a0-618-gd6c86c23d0 to
                  | 0.30-a0-622-gddc90eaa04
 44450 | Orc:1    | Entered Level 1 of the Orcish Mines
 44638 | Orc:2    | Entered Level 2 of the Orcish Mines
 45668 | Orc:2    | Found a staircase to the Elven Halls.
 45943 | Orc:2    | Reached XP level 16. HP: 59/135 MP: 2/36
 47074 | Orc:2    | Found Pouganuj's General Store.
 47075 | Orc:2    | Found Ubrutaos's Jewellery Emporium.
 47077 | Orc:2    | Found Quis's Antique Armour Shoppe.
 47077 | Orc:2    | Found Veugh's Antique Weapon Shoppe.
 47082 | Orc:2    | Bought 2 potions of heal wounds for 130 gold pieces
 47082 | Orc:2    | Bought a scroll of enchant armour for 97 gold pieces
 47096 | Orc:2    | Bought a smoking dagger for 224 gold pieces
 47096 | Orc:2    | Identified the +9 dagger of Muppedill {heavy, Will+ Str+3}
                  | (You bought it in a shop on level 2 of the Orcish Mines)
 47203 | Orc:2    | Reached skill level 17 in Conjurations
 47647 | Orc:2    | Bought the ring "Ritho" {rN+ Will+ Slay+3} for 683 gold
                  | pieces
 47825 | D:9      | Bought a shiny helmet for 187 gold pieces
 47983 | Spider:1 | Entered Level 1 of the Spider Nest
 48061 | Shoals:1 | Entered Level 1 of the Shoals
 48227 | Shoals:1 | Reached skill level 1 in Summonings
 48260 | Shoals:1 | Reached skill level 1 in Shields
 48400 | Shoals:1 | Learned a level 7 spell: Spellforged Servitor
 49282 | Shoals:1 | Noticed a kraken
 49577 | Shoals:1 | Killed a kraken
 50610 | Shoals:2 | Found a transporter.
 50711 | Shoals:2 | Noticed Ilsuiw
 51011 | Shoals:2 | Found the +2 hat of the Bear Spirit {Spirit, *Rage Will++}
 51071 | Shoals:2 | Found a transporter.
 51084 | Shoals:2 | Reached skill level 5 in Summonings
 51097 | Shoals:2 | Reached skill level 5 in Shields
 51138 | Shoals:2 | Noticed Kirke
 51176 | Shoals:2 | Killed Kirke
 51277 | Shoals:2 | Killed Ilsuiw
 51803 | Shoals:2 | Noticed Polyphemus
 51811 | Shoals:2 | Killed Polyphemus
 52718 | Shoals:3 | Upgraded the game from 0.30-a0-622-gddc90eaa04 to
                  | 0.30-a0-632-g346586fe48
 52718 | Shoals:3 | Upgraded the game from 0.30-a0-632-g346586fe48 to
                  | 0.30-a0-634-g8abc85282e
 52910 | Shoals:3 | Noticed Mara
 53078 | Shoals:3 | Paralysed by you for 4 turns
 53223 | Shoals:3 | Found a frozen archway.
 53234 | IceCv    | Entered an ice cave
 53546 | Shoals:3 | Upgraded the game from 0.30-a0-634-g8abc85282e to
                  | 0.30-a0-718-geaa24f58ff
 53546 | Shoals:3 | Upgraded the game from 0.30-a0-718-geaa24f58ff to
                  | 0.30-a0-743-gbfdf073431
 53546 | Shoals:3 | Quit the game

Illustrated notes

Levels and vault maps discovered:
D:1:      scummos_arrival_simple_crosswalls, layout_loops_cross, serial_forest,
          infiniplex_forest_straight_1, infiniplex_forest_straight_4,
          infiniplex_forest_end_3, infiniplex_forest_straight_2,
          infiniplex_forest_3_way, infiniplex_forest_straight_3
D:2:      layout_basic
D:3:      layout_basic, serial_shops, shop, shop_statue, uniq_robin
D:4:      layout_loops_cross, cheibriados_altar_1, minmay_temple_entry_mist,
          minmay_misc_feat_room, minmay_strange_pillars, nrook_mini_vaults,
          lightli_minifort, uniq_menkaure, uniq_grinder
D:5:      layout_cave_pods, gammafunk_temple_overflow_claw, serial_shops,
          nicolae_shop_statue_plus, chequers_big_river,
          chequers_serial_rivers_small_b
D:6:      layout_rooms, mainiacjoe_overflow_alcove_4, nicolae_elemental_shop,
          minmay_misc_feat_rows
D:7:      layout_cave_pods, amcnicky_altar_gilded, uniq_pikel, uniq_duvessa
D:8:      layout_loops_ring, okawaru_ov_weapons_minmay, dpeg_oklobed_lair,
          uniq_maurice
D:9:      layout_cave_pools, mainiacjoe_overflow_boulevard, serial_shops, shop,
          nicolae_elevator_lobby_asterisk
D:10:     layout_roguey
D:11:     layout_roguey, serial_glass, glass_columns_a, glass_columns_c,
          minmay_crystal_room
D:12:     layout_long_grid, minmay_orc_entry_guard_dogs,
          serial_co_window_serial, co_window_of_opportunity_a,
          co_window_of_opportunity_a, co_window_paths_a, co_window_paths_b,
          co_window_paths_a, co_window_paths_c, co_window_unsneaky_path_e,
          co_window_paths_c, co_window_cross_2, co_window_2corner,
          co_window_unsneaky_path_b, co_window_unsneaky_path_d,
          co_window_4corner_a, glass_columns_c, glass_columns_c,
          glass_columns_a, glass_columns_a, glass_columns_a
D:13:     minmay_the_grid_square_5x5_5x5 [minmay_the_grid_square_5x5_corner,
          minmay_the_grid_square_5x5_n, minmay_the_grid_square_5x5_inner_i,
          minmay_the_grid_square_5x5_tri_point,
          minmay_the_grid_square_5x5_broken_cross,
          minmay_the_grid_square_5x5_three,
          minmay_the_grid_square_5x5_prize_gold,
          minmay_the_grid_square_5x5_eight,
          minmay_the_grid_square_5x5_prize_pseudospiral,
          minmay_the_grid_square_5x5_longway,
          minmay_the_grid_square_5x5_checkered_sparse,
          minmay_the_grid_square_5x5_two_small,
          minmay_the_grid_square_5x5_prize_deathbox,
          minmay_the_grid_square_5x5_inset,
          minmay_the_grid_square_5x5_fancy_junction,
          minmay_the_grid_square_5x5_detours,
          minmay_the_grid_square_5x5_prize_waves,
          minmay_the_grid_square_5x5_checkered_statues,
          minmay_the_grid_square_5x5_prize_itemx,
          minmay_the_grid_square_5x5_three_walls,
          minmay_the_grid_square_5x5_half_checkered,
          minmay_the_grid_square_5x5_pentomino_r,
          minmay_the_grid_square_5x5_six, minmay_the_grid_square_5x5_two,
          minmay_the_grid_square_5x5_shuriken], layout_long_grid,
          lightli_vaults_fourway_checkpoint, serial_ice, serial_ice_g,
          serial_ice_o, serial_ice_n, serial_ice_a, grunt_gozag_breadcrumbs
D:14:     evilmike_halls_of_destruction, layout_basic, minivault_25,
          uniq_roxanne
D:15:     grunt_enter_depths_snipers, layout_long_grid,
          minmay_tree_intersection, minmay_unpleasant_kobolds
Lair:1:   layout_misc_corridors, pdpol_lair_cabin_in_the_woods
Lair:2:   layout_concentric_octagons, hellmonk_spider_entry_not_the_bees,
          st_stairs_9, evilmike_ambush [evilmike_ambush_outer_pillars,
          evilmike_ambush_inner_pond]
Lair:3:   layout_small_grid, nicolae_shoals_entry_roost, wad_woods_06,
          nicolae_quartered_pool_little
Lair:4:   layout_cave_pods, minmay_slime_entry_jelly_boxes,
          gammafunk_ghost_grave
Lair:5:   wormcave, layout_long_grid, hangedman_lair_in_review
Shoals:1: nicolae_shoals_deep_elves_summer_vacation, layout_shoals,
          nicolae_shoals_loop_pool
Shoals:2: gammafunk_sealed_arena, layout_shoals, uniq_ilsuiw, uniq_polyphemus,
          uniq_kirke
Shoals:3: layout_shoals, portal_ice_cave_entry_ice_statue_one,
          nicolae_shoals_abyss_on_the_beach, uniq_mara
Spider:1: layout_spider_delve, drop_trap, nicolae_spider_orb_run,
          hangedman_spider_tarantella_strand
Orc:1:    layout_caves, basic_altar
Orc:2:    st_orc_congregation, layout_diamond_mine, basic_altar, mines5_lemuel

Skill      XL: |  1  2  3  4  5  6  7  8  9 10 11 12 13 14 15 16 |
---------------+-------------------------------------------------+-----
Spellcasting   | 2 3 5 7 11 | 11.0
Air Magic      | 3 5 7 10 12 13 | 13.2
Fighting       | 5 7 10 | 10.3
Dodging        | 2 5 9 |  9.2
Conjurations   | 2 5 12 16 17 | 17.0
Translocations | 1 5 |  5.5
Summonings     | 8 |  8.4
Shields        | 6 |  6.0
Armour         | |  0.3
Stealth        | |  1.8

Action                     |  1- 3 |  4- 6 |  7- 9 | 10-12 | 13-15 | 16-18 || total
---------------------------+-------+-------+-------+-------+-------+-------++-------
  Melee: Dagger            |   347 |     4 |     3 |       |       |    62 ||   416
         Unarmed           |    60 |       |       |       |     4 |       ||    64
         Punch             |     7 |       |     1 |     6 |     9 |       ||    23
         Long sword        |       |       |    39 |   127 |   377 |       ||   543
         Great mace        |       |       |       |       |    36 |    62 ||    98
         Hand axe          |       |       |       |       |    14 |       ||    14
   Cast: Shock             |    88 |    99 |   314 |   187 |    75 |       ||   763
         Static Discharge  |       |    15 |    20 |   141 |   308 |     7 ||   491
         Airstrike         |       |       |    25 |   198 |   189 |    78 ||   490
         Swiftness         |       |       |       |     4 |       |       ||     4
         Iskenderun's Myst |       |       |       |    20 |   235 |     2 ||   257
         Kindle Blastspark |       |       |       |    25 |    21 |       ||    46
         Orb of Destructio |       |       |       |       |   121 |    67 ||   188
         Spellforged Servi |       |       |       |       |       |    52 ||    52
    Use: Scroll            |     3 |       |    11 |    11 |    17 |     5 ||    47
         Potion            |       |       |       |     5 |     1 |       ||     6
   Stab: Sleeping          |     1 |       |     1 |       |     1 |       ||     3
 Armour: Robe              |     1 |       |       |       |       |       ||     1
         Leather armour    |    13 |    25 |    86 |   194 |   313 |    87 ||   718
  Dodge: Dodged            |    27 |    26 |   114 |   381 |  1045 |   375 ||  1968
  Block: Buckler           |       |       |       |       |     2 |    84 ||    86

Table legend: (Time is in decaauts)
 A = Elapsed time spent in this place.
 B = Non-inter-level travel time spent in this place.
 C = Inter-level travel time spent in this place.
 D = Time resting spent in this place.
 E = Time spent auto-exploring this place.
 F = Levels seen in this place.
 G = Mean time per level.
                   A        B        C        D        E       F      G
               +--------+--------+--------+--------+--------+-----+--------+
         Total |  54320 |  51055 |   3265 |  19207 |  20006 |  27 | 2011.9 |
       Dungeon |  31148 |  28999 |   2149 |  10118 |  13370 |  15 | 2076.5 |
          Lair |  13999 |  13235 |    764 |   5160 |   4612 |   5 | 2799.8 |
        Shoals |   5594 |   5479 |    115 |   2486 |   1302 |   3 | 1864.7 |
   Spider Nest |      1 |      1 |      0 |      0 |      0 |   1 |    1.0 |
  Orcish Mines |   3372 |   3137 |    235 |   1340 |    722 |   2 | 1686.0 |
      Ice Cave |    204 |    204 |      0 |    103 |      0 |   1 |  204.0 |
               +--------+--------+--------+--------+--------+-----+--------+

Top non-repeatable levels by time:
    D:13: 7124 daAuts
  Lair:5: 5250 daAuts
  Lair:1: 3268 daAuts
   Orc:2: 3010 daAuts
Shoals:1: 3008 daAuts
    D:14: 2830 daAuts
    D:12: 2521 daAuts
     D:8: 2214 daAuts
    D:15: 2058 daAuts
  Lair:3: 2028 daAuts
  Lair:4: 1940 daAuts
    D:11: 1887 daAuts
Shoals:2: 1868 daAuts
     D:7: 1854 daAuts
     D:5: 1780 daAuts
